 Dungeon Crawl Stone Soup version 0.30-a0-859-gf88a04b62d (webtiles) character file.

Game seed: 4291952731785059200

686 booth the Gusty (level 7, -1/48 (50) HPs)
             Began as a Purple Draconian Air Elementalist on Mar 7, 2023.
             Was an Initiate of Hepliaklqana.
             Slain by Edmund
             ... wielding a +0 flail of draining
              (3 damage)
             ... on level 5 of the Dungeon.
             The game lasted 00:41:08 (5903 turns).

booth the Gusty (Purple Draconian Air Elementalist) Turns: 5903, Time: 00:41:09

HP:   -1/48 (50)    AC:  7    Str: 10    XL:     7   Next: 35%
MP:   8/13          EV: 12    Int: 18    God:    Hepliaklqana [......]
Gold: 200           SH:  0    Dex: 11    Spells: 4/14 levels left

rFire   . . .      SeeInvis +    m - +0 mace (vamp)
rCold   . . .      Faith    .    (no shield)
rNeg    . . .      Spirit   .    (body armour unavailable)
rPois   +          Reflect  .    (helmet restricted)
rElec   .          Rampage  .    g - scarf {repulsion}
rCorr   .                        (no gloves)
Will    +....                    s - +0 pair of boots
Stlth   ++                       (no amulet)
HPRegen 0.28/turn                y - ring of poison resistance
MPRegen 0.13/turn                e - ring of see invisible

@: lightly drained, repel missiles
A: breathe power, AC +6, unfitting armour, cold-blooded
a: Breathe Dispelling Energy, Renounce Religion


You were on level 5 of the Dungeon.
You worshipped Hepliaklqana.
Hepliaklqana was noncommittal.
You visited 1 branch of the dungeon, and saw 5 of its levels.

You collected 222 gold pieces.
You spent 22 gold pieces at shops.

Inventory:

Hand Weapons
 b - a +0 dagger
 k - a +0 hand axe
 m - a +0 vampiric mace (weapon)
Armour
 g - a scarf of repulsion (worn)
 q - an orb of light
 s - a +0 pair of boots (worn)
Jewellery
 d - a ring of flight
 e - a ring of see invisible (right hand)
 y - a ring of poison resistance (left hand)
Scrolls
 f - a scroll of magic mapping
 i - a scroll of fear
 j - a scroll of enchant armour
 n - a scroll of vulnerability
 p - 2 scrolls of poison {unknown}
 t - a scroll of torment {unknown}
 u - a scroll of summoning {unknown}
 w - a scroll of teleportation
 x - 2 scrolls of identify
Potions
 a - a potion of magic
 c - a potion of heal wounds
 h - a potion of mutation
 l - 2 potions of curing {unknown}
 o - a potion of degeneration {unknown}
 r - a potion of flight {unknown}
 v - 2 potions of attraction {unknown}


   Skills:
 - Level 0.2 Fighting
 - Level 0.7 Short Blades
 + Level 2.2 Maces & Flails
 + Level 3.1 Dodging
 + Level 3.3 Stealth
 + Level 4.3 Spellcasting
 + Level 2.9 Conjurations
 * Level 5.3 Air Magic


You had 4 spell levels left.
You knew the following spells:

 Your Spells              Type           Power      Damage    Failure   Level
a - Shock                 Conj/Air       72%        1d7       2%          1
b - Static Discharge      Conj/Air       36%        2-4/arc   4%          2
c - Swiftness             Air            23%        N/A       4%          3
d - Airstrike             Air            11%        2d(2-18)  16%         4

Your spell library contained the following spells:

 Spells                   Type           Power      Damage    Failure   Level


Dungeon Overview and Level Annotations

Branches:
Dungeon (5/15)
 Temple: D:4-7

Altars:
Hepliaklqana
Sif Muna
Uskayaw

Shops:
D:2 ?

Annotations:
D:5 Edmund


Innate Abilities, Weirdness & Mutations

You can breathe bolts of dispelling energy.
Your rich purple scales are hard. (AC +6)
You cannot fit into any form of body armour.
You are cold-blooded and may be slowed by cold attacks.


Message History

Aiming: Shock (safe; 2% risk of failure)
Press: ? - help, Shift-Dir - straight line, f/p - Edmund
Aim: Edmund, wielding a +0 flail of draining, wearing a +0 chain mail and carrying a wand of flame (21) (moderately wounded, 79% to hit)
The zap hits Edmund.
Edmund is moderately wounded.
Edmund barely misses you.
Edmund zaps a wand.
The puff of flame is repelled.
You hit Edmund but do no damage.
Edmund is moderately wounded.
Edmund zaps a wand.
The puff of flame hits you! Edmund barely misses you.
You barely miss Edmund.
Edmund is moderately wounded.
Edmund zaps a wand.
The puff of flame misses you.
You barely miss Edmund.
Your tail-slap misses Edmund.
Edmund is moderately wounded.
Edmund zaps a wand.
The puff of flame misses you.
You hit Edmund but do no damage.
Edmund is moderately wounded.
Edmund zaps a wand.
The puff of flame hits you!
* * * LOW HITPOINT WARNING * * *
Casting: Shock (safe; 2% risk of failure)
Confirm with . or Enter, or press ? or * to list all spells.
Edmund is struck by an arc of lightning.
Edmund is heavily wounded.
You are struck by an arc of lightning.
* * * LOW HITPOINT WARNING * * *
The lightning grounds out.
Edmund hits you with a +0 flail of draining!
* * * LOW HITPOINT WARNING * * *
You feel drained.
Casting: Static Discharge (safe; 4% risk of failure)
Confirm with . or Enter, or press ? or * to list all spells.
Aiming: Shock (safe; 2% risk of failure)
Press: ? - help, Shift-Dir - straight line, f/p - Edmund
Aim: Edmund, wielding a +0 flail of draining, wearing a +0 chain mail and carrying a wand of flame (16) (heavily wounded, 79% to hit)
The zap hits Edmund but does no damage.
Edmund is heavily wounded.
The zap misses Edmund.
Edmund hits you with a +0 flail of draining.
You die...

.# ##### .# ...##
.## #
##..##..########
#..|............
####
#.#...###...####
.#..(#
###.###.>........#
......# ##†..#
##...[......
.......###@@###
##)........
...........##
#........#
.......#####
#........# ......#
#........# .#...#
#........# ####
#........#
##########


You could see Edmund.

Vanquished Creatures
  An ogre (D:4)
  2 phantoms
  2 hounds
  2 jellies (D:4)
  An orc priest (D:5)
  Jessica (D:2)
  Natasha (twice) (D:4)
  2 iguanas (D:4)
  An orc wizard (D:5)
  4 adders
  A white imp (D:5)
  2 worms
  2 dart slugs
  6 orcs
  7 ball pythons
  6 bats
  4 endoplasms
  6 giant cockroaches
  7 hobgoblins
  13 jackals
  3 kobolds
  4 quokkas
  3 frilled lizards
  6 goblins
  6 rats
  A spectral kobold (D:4)
95 creatures vanquished.

Notes
Turn   | Place    | Note
-------+----------+-------------------------------------------
     0 | D:1      | booth the Draconian Air Elementalist began the quest for
                  | the Orb.
     0 | D:1      | Reached XP level 1. HP: 14/14 MP: 3/3
   104 | D:1      | Found a faded altar of an unknown god.
   394 | D:1      | Reached XP level 2. HP: 20/20 MP: 1/5
   397 | D:1      | Learned a level 2 spell: Static Discharge
   975 | D:1      | Reached XP level 3. HP: 25/26 MP: 2/6
  1668 | D:2      | Found Vetyarae's Magic Scroll Shop.
  1678 | D:2      | Bought a scroll of identify for 22 gold pieces
  2131 | D:2      | Reached XP level 4. HP: 29/33 MP: 3/7
  2135 | D:2      | Learned a level 3 spell: Swiftness
  2412 | D:2      | Noticed Jessica
  2464 | D:2      | Killed Jessica
  3394 | D:3      | Reached skill level 4 in Air Magic
  3394 | D:3      | Reached XP level 5. HP: 2/38 MP: 2/9
  3605 | D:3      | Found a shimmering blue altar of Sif Muna.
  4115 | D:4      | Noticed Natasha
  4183 | D:4      | Noticed an ogre
  4198 | D:4      | Killed an ogre
  4199 | D:4      | Reached skill level 1 in Maces & Flails
  4199 | D:4      | Reached XP level 6. HP: 45/45 MP: 3/10
  4204 | D:4      | Learned a level 4 spell: Airstrike
  4656 | D:4      | Found a hazy altar of Hepliaklqana.
  4709 | D:4      | Became a worshipper of Hepliaklqana the Forgotten
  4747 | D:4      | Found a hide-covered altar of Uskayaw.
  5106 | D:4      | Killed Natasha
  5223 | D:4      | Noticed Natasha
  5246 | D:4      | Killed Natasha
  5247 | D:4      | Reached skill level 5 in Air Magic
  5387 | D:5      | Entered Level 5 of the Dungeon
  5391 | D:5      | Your scales start taking on a rich purple colour.
  5391 | D:5      | Reached XP level 7. HP: 50/50 MP: 9/13
  5882 | D:5      | Noticed Edmund
  5902 | D:5      | HP: 2/50 [Edmund/+0 flail of draining (7)]
  5903 | D:5      | Slain by Edmund

Illustrated notes

Levels and vault maps discovered:
D:1:      roderic_crop_circles_arrival_small, layout_loops_corners,
          basic_ecumenical_altar, chequers_serial_rivers_micro_c
D:2:      layout_basic, serial_shops,
          nicolae_shop_temple_entry_statues_fountains, uniq_jessica
D:3:      layout_basic, mainiacjoe_overflow_small_starburst, minivault_25,
          guppyfry_early_lair_pool
D:4:      layout_gridville, nicolae_hepliaklqana_monster_ancestors,
          nicolae_uskayaw_dance_hall, uniq_natasha
D:5:      lemuel_ice_spiral_2, layout_rooms, minmay_temple_entry_fiery,
          uniq_edmund

Skill      XL: |  1  2  3  4  5  6  7 |
---------------+----------------------+-----
Stealth        | 2 3 |  3.3
Dodging        | 2 3 |  3.1
Conjurations   | 2 |  2.9
Air Magic      | 4 5 |  5.3
Spellcasting   | 3 4 |  4.3
Maces & Flails | 1 2 |  2.2
Fighting       | |  0.2
Short Blades   | |  0.7

Action                     |  1- 3 |  4- 6 |  7- 9 || total
---------------------------+-------+-------+-------++-------
  Melee: Dagger            |    50 |   117 |       ||   167
         Tailslap          |     9 |    14 |     5 ||    28
         Unarmed           |     2 |       |       ||     2
         Punch             |     1 |     3 |     1 ||     5
         Mace              |       |       |    42 ||    42
   Cast: Shock             |    48 |    61 |    21 ||   130
         Static Discharge  |     5 |     7 |     1 ||    13
         Airstrike         |       |     1 |       ||     1
    Use: Scroll            |     5 |     4 |       ||     9
   Stab: Sleeping          |       |     4 |       ||     4
 Armour: Skin              |    26 |    40 |    13 ||    79
  Dodge: Dodged            |    38 |    84 |    27 ||   149
         Repelled          |       |       |     3 ||     3

Table legend: (Time is in decaauts)
 A = Elapsed time spent in this place.
 B = Non-inter-level travel time spent in this place.
 C = Inter-level travel time spent in this place.
 D = Time resting spent in this place.
 E = Time spent auto-exploring this place.
 F = Levels seen in this place.
 G = Mean time per level.
                   A        B        C        D        E       F      G
               +--------+--------+--------+--------+--------+-----+--------+
         Total |   5918 |   5859 |     59 |   1300 |    630 |   5 | 1183.6 |
       Dungeon |   5918 |   5859 |     59 |   1300 |    630 |   5 | 1183.6 |
               +--------+--------+--------+--------+--------+-----+--------+

Top non-repeatable levels by time:
     D:4: 1595 daAuts
     D:1: 1430 daAuts
     D:3: 1231 daAuts
     D:2: 1134 daAuts
     D:5: 526 daAuts
